 Dungeon Crawl Stone Soup version 0.30-a0-852-g08b95dd62f (webtiles) character file.

Game seed: 8785973157370537715

3216 demibob the Cleaver (level 9, -6/59 HPs)
             Began as a Demonspawn Wanderer on Mar 4, 2023.
             Was a Follower of Okawaru.
             Killed from afar by a gargoyle (23 damage)
             ... with a stone arrow
             ... on level 7 of the Dungeon.
             The game lasted 00:06:57 (5724 turns).

demibob the Cleaver (Demonspawn Wanderer)           Turns: 5724, Time: 00:06:58

Health: -6/59      AC: 14    Str: 16    XL:     9   Next: 65%
Magic:  21/21      EV: 10    Int: 15    God:    Okawaru [*.....]
Gold:   318        SH:  0    Dex: 12    Spells: 11/12 levels left

rFire   + . .      SeeInvis +    a - +3 battleaxe (flame)
rCold   . . .      Faith    +    (shield currently unavailable)
rNeg    . . .      Spirit   .    u - +0 ring mail
rPois   .          Reflect  .    (no helmet)
rElec   .          Rampage  .    (no cloak)
rCorr   .                        b - +1 pair of gloves
Will    .....                    (no boots)
Stlth   +                        h - amulet of faith {!P}
HPRegen 0.29/turn                l - ring of Vaptuch {rF+ MP+9 SInv}
MPRegen 0.17/turn                T - +4 ring of protection

@: no status effects
A: powered by pain 1, spiny 2, sharp scales 1, weakness stinger 1, shaggy fur 1
a: Renounce Religion, Heroism


You were on level 7 of the Dungeon.
You worshipped Okawaru.
Okawaru was aware of your devotion.
You visited 2 branches of the dungeon, and saw 8 of its levels.

You collected 318 gold pieces.


Innate Abilities, Weirdness & Mutations

You sometimes gain a little power by taking damage.
You are mostly covered in sharp spines.
You are partially covered in razor-sharp scales. (AC +1, Slay +1)
You have a small tail.
You are covered in fur. (AC +1)


   Skills:
 - Level 1.0 Fighting
 * Level 11.5 Axes
 + Level 6.0 Armour
 - Level 1.0 Stealth
 - Level 2.0 Spellcasting
 - Level 2.0 Conjurations


You had 11 spell levels left.
You knew the following spells:

 Your Spells              Type           Power      Damage    Failure   Level
m - Magic Dart            Conj           28%        1d4       17%         1

Your spell library contained the following spells:

 Spells                   Type           Power      Damage    Failure   Level
 Dazzling Flash           Conj/Hex       8%         N/A       58%         3
 Hailstorm                Conj/Ice       4%         3d4       58%         3
 Mephitic Cloud           Conj/Pois/Air  3%         N/A       65%         3
 Ignite Poison            Fire/Tmut/Pois 1%         N/A       75%         3
 Inner Flame              Hex/Fire       1%         N/A       75%         3
 Kindle Blastsparks       Fire/Tloc/Air  2%         2d10      75%         3
 Cause Fear               Hex            0%         N/A       98%         4
 Ice Form                 Ice/Tmut       1%         N/A       98%         4
 Freezing Cloud           Conj/Ice/Air   1%         6-21      100%        5
 Discord                  Hex            0%         N/A       100%        8
 Simulacrum               Ice/Necr       Unusable   N/A       N/A         6

Inventory:

Hand Weapons
 a - a +3 battleaxe of flaming (weapon)
 e - a +0 hand axe of chaos
Armour
 b - a +1 pair of gloves (worn)
 u - a +0 ring mail (worn)
Jewellery
 h - an amulet of faith (around neck) {!P}
 l - the ring of Vaptuch (left hand) {rF+ MP+9 SInv}
   (You acquired it on level 2 of the Dungeon)

   [ring of see invisible]

   rF:        It protects you from fire.
   MP:        It affects your magic capacity (+9).
   SInv:      It lets you see invisible.
 F - a ring of protection from fire
 I - a +6 ring of intelligence
 T - a +4 ring of protection (right hand)
Scrolls
 c - 2 scrolls of blinking
 d - a scroll of brand weapon
 f - a scroll of vulnerability {unknown}
 i - 2 scrolls of teleportation {@r2}
 k - 2 scrolls of magic mapping
 s - a scroll of fog
 t - a scroll of summoning {unknown}
Potions
 g - a potion of cancellation
 m - a potion of heal wounds {unknown}
 n - a potion of haste {unknown}
 o - 2 potions of flight
 p - 2 potions of curing {@q1}
 r - a potion of degeneration {unknown}

Dungeon Overview and Level Annotations

Branches:
Dungeon (7/15)             Temple (1/1) D:6

Altars:
Ashenzari
Cheibriados
Dithmenos
Nemelex Xobeh
Okawaru
Ru
Sif Muna

#.# #9# #.# #.#
#.# ####.#
########## #....#
#.........
#9######.########.
#@....##.#........
#####.##.#.#####
#..........#
#..........##.
##......<.....
#.....†..##.#
#.......... #
####........###
#...........#


You could see a gargoyle.


Message History

You closely miss the white imp.
The white imp is almost dead.
The white imp laughs crazily.
The white imp is struck by your spines.
You kill the white imp!
Okawaru accepts your kill.
A gargoyle comes into view. It is wielding a +3 mace.
The gargoyle moves out of view.
f - a scroll labelled ESONEK WAIPHEA You start waiting.
A gargoyle is nearby!
The gargoyle barely misses you.
The gargoyle hurls a stone arrow at you.
The stone arrow hits you!
You hit the gargoyle but do no damage.
Your tail-slap misses the gargoyle.
The gargoyle hurls a stone arrow at you.
The stone arrow hits you. The gargoyle hits you with a +3 mace!
You hit the gargoyle. You burn the gargoyle.
The gargoyle is lightly damaged.
The gargoyle hurls a stone arrow at you.
The stone arrow hits you!!
* * * LOW HITPOINT WARNING * * *
You slash the gargoyle! You burn the gargoyle. You tail-slap the gargoyle.
The gargoyle is severely damaged.
The gargoyle hits you with a +3 mace.
* * * LOW HITPOINT WARNING * * *
You feel better.
The gargoyle hurls a stone arrow at you.
The stone arrow hits you!!
You die...

Skill      XL: |  1  2  3  4  5  6  7  8  9 |
---------------+----------------------------+-----
Axes           | 4 5 6 7 8 10 11 | 11.5
Armour         | 2 4 6 |  6.0
Fighting       | |  1.0
Stealth        | |  1.0
Spellcasting   | |  2.0
Conjurations   | |  2.0

Action                     |  1- 3 |  4- 6 |  7- 9 || total
---------------------------+-------+-------+-------++-------
  Melee: Hand axe          |    73 |    10 |       ||    83
         Punch             |     1 |       |       ||     1
         Battleaxe         |       |    52 |   134 ||   186
         Tailslap          |       |       |     5 ||     5
    Use: Scroll            |       |    12 |     5 ||    17
         Potion            |       |       |     6 ||     6
   Stab: Sleeping          |     4 |     5 |       ||     9
 Armour: Robe              |    16 |     9 |       ||    25
         Ring mail         |       |       |    61 ||    61
  Dodge: Dodged            |    48 |    24 |    87 ||   159

Levels and vault maps discovered:
D:1:      scummos_arrival_simple_crosswalls, layout_basic
D:2:      layout_loops_ring, minmay_cupped
D:3:      layout_loops_ring
D:4:      layout_loops_corners
D:5:      layout_basic, minmay_ogre_servants
D:6:      layout_basic, old_standard_altar, minmay_temple_entry_mini_moons,
          serial_glass, glass_columns_c, glass_columns_c
D:7:      layout_basic, mainiacjoe_overflow_large_starburst, serial_shops, shop,
          uniq_joseph, uniq_duvessa, uniq_maggie, uniq_menkaure
Temple:   hellmonk_temple_of_storms

Notes
Turn   | Place    | Note
-------+----------+-------------------------------------------
     0 | D:1      | demibob the Demonspawn Wanderer began the quest for the
                  | Orb.
     0 | D:1      | demibob set off with the following items: a +0 hand axe, a
                  | +0 pair of gloves, a scroll of blinking, a +0 robe; and the
                  | following spell memorised: Magic Dart; and the following
                  | spells available to memorise: Dazzling Flash, Mephitic
                  | Cloud.
     0 | D:1      | Reached XP level 1. HP: 15/15 MP: 3/3
   160 | D:1      | Reached skill level 4 in Axes
   243 | D:1      | Gained mutation: You are partially covered in sharp spines.
                  | [demonic ancestry]
   243 | D:1      | Reached XP level 2. HP: 21/21 MP: 5/5
   489 | D:1      | Gained mutation: You are mostly covered in sharp spines.
                  | [demonic ancestry]
   489 | D:1      | Reached XP level 3. HP: 26/26 MP: 6/6
   950 | D:2      | Reached skill level 5 in Axes
  1150 | D:2      | Reached XP level 4. HP: 30/32 MP: 7/7
  1511 | D:2      | Identified 2 scrolls of acquirement
  1511 | D:2      | Acquired a +1 battleaxe of flaming
  1513 | D:2      | Acquired the ring of Vaptuch {rF+ MP+9 SInv}
  2624 | D:4      | Gained mutation: You sometimes gain a little power by
                  | taking damage. [demonic ancestry]
  2624 | D:4      | Reached XP level 5. HP: 35/37 MP: 8/8
  2626 | D:4      | Reached skill level 6 in Axes
  3100 | D:4      | Noticed a phantom
  3104 | D:4      | Killed a phantom
  3105 | D:4      | Gained mutation: You are partially covered in razor-sharp
                  | scales. (AC +1, Slay +1) [demonic ancestry]
  3105 | D:4      | Reached XP level 6. HP: 43/43 MP: 9/9
  3129 | D:4      | Reached skill level 7 in Axes
  3263 | D:4      | Noticed an ice beast
  3268 | D:4      | Killed an ice beast
  3394 | D:5      | Entered Level 5 of the Dungeon
  3447 | D:5      | Reached XP level 7. HP: 48/48 MP: 10/10
  3451 | D:5      | Reached skill level 1 in Armour
  3471 | D:5      | Reached skill level 8 in Axes
  3533 | D:5      | Reached skill level 2 in Armour
  3621 | D:5      | Reached XP level 8. HP: 42/54 MP: 11/11
  3680 | D:5      | Reached skill level 9 in Axes
  3680 | D:5      | Reached skill level 3 in Armour
  4417 | D:5      | Reached skill level 4 in Armour
  4611 | D:6      | Reached skill level 10 in Axes
  4811 | D:6      | Gained mutation: You have a small tail. [demonic ancestry]
  4811 | D:6      | Reached XP level 9. HP: 59/59 MP: 12/12
  4935 | D:6      | Found a sparkling altar of Nemelex Xobeh.
  4949 | D:6      | Reached skill level 5 in Armour
  5096 | D:6      | Found a staircase to the Ecumenical Temple.
  5362 | D:6      | Reached skill level 11 in Axes
  5490 | Temple   | Entered the Ecumenical Temple
  5495 | Temple   | Became a worshipper of Warmaster Okawaru
  5537 | D:7      | Noticed a boulder beetle
  5557 | D:7      | Gained mutation: You are covered in fur. (AC +1) [potion of
                  | mutation]
  5559 | D:7      | Killed a boulder beetle
  5559 | D:7      | Reached * piety under Okawaru
  5560 | D:7      | Reached skill level 6 in Armour
  5706 | D:7      | Noticed a gargoyle
  5724 | D:7      | Killed from afar by a gargoyle

Vanquished Creatures
  A boulder beetle (D:7)
  2 water moccasins (D:6)
  2 sky beasts (D:6)
  2 ice beasts
  2 black bears (D:5)
  An ogre (D:5)
  3 phantoms
  A bullfrog (D:6)
  4 scorpions
  5 wights (D:6)
  6 killer bees (D:5)
  3 orc priests
  A gnoll bouda (D:5)
  2 hounds (D:5)
  2 iguanas
  3 sleepcaps
  6 orc wizards
  7 gnolls
  6 adders
  A shadow imp (D:6)
  2 white imps
  An ufetubus (D:5)
  2 worms (D:3)
  3 dart slugs
  26 orcs
  2 bats (D:1)
  5 endoplasms
  3 giant cockroaches
  17 goblins
  7 hobgoblins
  11 jackals
  4 quokkas
  3 ball pythons
  2 frilled lizards
  7 kobolds
  5 rats
160 creatures vanquished.

Table legend: (Time is in decaauts)
 A = Elapsed time spent in this place.
 B = Non-inter-level travel time spent in this place.
 C = Inter-level travel time spent in this place.
 D = Time resting spent in this place.
 E = Time spent auto-exploring this place.
 F = Levels seen in this place.
 G = Mean time per level.
                   A        B        C        D        E       F      G
               +--------+--------+--------+--------+--------+-----+--------+
         Total |   5777 |   5509 |    268 |    329 |   4369 |   8 |  722.1 |
       Dungeon |   5767 |   5500 |    267 |    329 |   4369 |   7 |  823.9 |
        Temple |     10 |     10 |      0 |      0 |      0 |   1 |   10.0 |
               +--------+--------+--------+--------+--------+-----+--------+

Top non-repeatable levels by time:
     D:6: 1088 daAuts
     D:5: 1069 daAuts
     D:2: 1042 daAuts
     D:4: 854 daAuts
     D:3: 779 daAuts
     D:1: 743 daAuts
     D:7: 189 daAuts
  Temple: 10 daAuts

Table legend:
 A = Non-vault XP
 B = Vault XP
 C = Vault XP percentage of total XP
 D = Non-vault monster count
 E = Vault monster count
 F = Vault count percentage of total count
                 A         B        C        D         E       F
            +---------+---------+-------+---------+---------+-------
      Total |    4441 |     154 |   3.4 |     147 |      13 |   8.1
            +---------+---------+-------+---------+---------+-------
        D:1 |      47 |       0 |   0.0 |      27 |       0 |   0.0
        D:2 |      52 |      17 |  24.6 |      15 |       4 |  21.1
        D:3 |      48 |       0 |   0.0 |      17 |       0 |   0.0
        D:4 |     508 |       0 |   0.0 |      18 |       0 |   0.0
        D:5 |    1379 |     137 |   9.0 |      37 |       9 |  19.6
        D:6 |    1567 |       0 |   0.0 |      31 |       0 |   0.0
        D:7 |     840 |       0 |   0.0 |       2 |       0 |   0.0
            +---------+---------+-------+---------+---------+-------
